AoeStats
← unavezmasak

Arena

510201775Analyzed
1v1 RM · 3d ago on Sep 29, 2026· 34m 56s· 2 players
Game mode
Random Map
Map size
Tiny (2 player)
Population
200
Speed
Normal
Resources
Standard
Victory
Conquest
Starting age
Dark Age
Ending age
Imperial Age
RankedLock teamsTeams togetherTeam positionsShared explorationLock speedFull tech treeHidden civsTurbo modeCheats
Victory
Defeat
🇦🇷 Celts · Argentina
798
+16
🇪🇸 Huns · Spain
805
-16
unavezmasak
8:50 Feudal Age
10:05 Double-Bit Axe
18:21 Castle Age
17:01 Forging
17:25 Scale Mail Armor
17:50 Horse Collar
18:36 Gold Mining
18:38 Pikeman
20:15 Iron Casting
20:10 Bow Saw
23:59 Gold Shaft Mining
28:31 Wheelbarrow
28:17 Chain Mail Armor
29:40 Hand Cart
29:18 Stone Mining
37:54 Imperial Age
36:07 Stone Shaft Mining
LucaNotDead
12:18 Feudal Age
13:35 Double-Bit Axe
14:03 Horse Collar
18:48 Castle Age
17:18 Stone Mining
20:36 Husbandry
23:41 Gold Mining
24:04 Bow Saw
27:41 Elite Skirmisher
28:42 Fletching
28:58 Scale Barding Armor
28:54 Padded Archer Armor
Connection lost

Rejoining the realm…

Still unreachable

The connection could not be restored.

Session expired

The server has moved on; the page needs a fresh start.